General information
- name: BNet
- type: Ladder team game (AT/RT)
- host: Battle.net
- saver: GOT-6PM-TONIGHT
map: TwilightRuins
- players: 8
- length: 38:51
- speed: Fast
- version: 1.27 W3XP
- replay type: Public
» download(217 KB)
Players
team 1 (winner)
kylor (
blue | 82 APM | 2831 actions | 34:25)
5 Crypt Lord
2 Carrion Beetles
3 Spiked Carapace
4 Death Knight
2 Death Coil
2 Unholy Aura
» actions
| Assign group hotkey | 25 | |
| Basic commands | 66 | |
| Build / train | 62 | |
| Enter build submenu | 25 | |
| Enter hero's abilities submenu | 9 | |
| Give item / drop item | 4 | |
| Remove unit from queue | 1 | |
| Right click | 1318 | |
| Select / deselect | 735 | |
| Select group hotkey | 495 | |
| Use ability | 91 | |
2831 total
» units
| Acolyte | 10 | |
| Ghoul | 3 | |
| Crypt Fiend | 10 | |
| Goblin Sapper | 4 | |
| Obsidian Statue | 1 | |
28 total
» upgrades
| Creature Attack | 2 | |
| Creature Carapace | 2 | |
| Web | 1 | |
| Burrow | 2 | |
7 total
» buildings
| Crypt | 2 | |
| Altar of Darkness | 1 | |
| Graveyard | 1 | |
| Ziggurat | 14 | |
| Halls of the Dead | 1 | |
| Tomb of Relics | 1 | |
| Spirit Tower | 3 | |
| Nerubian Tower | 3 | |
| Necropolis | 2 | |
| Slaughterhouse | 2 | |
| Black Citadel | 1 | |
31 total
» build order
00:40 Crypt
00:42 Altar of Darkness
00:56 Graveyard
01:00 Ziggurat
01:15 Ziggurat
03:18 Ziggurat
05:49 Halls of the Dead
07:18 Ziggurat
07:21 Ziggurat
07:21 Ziggurat
07:57 Tomb of Relics
08:40 Crypt
09:08 Spirit Tower
10:27 Nerubian Tower
10:29 Spirit Tower
11:20 Ziggurat
11:21 Ziggurat
13:53 Necropolis
17:55 Slaughterhouse
17:57 Slaughterhouse
18:10 Black Citadel
19:49 Spirit Tower
22:08 Ziggurat
22:09 Ziggurat
22:09 Ziggurat
22:19 Ziggurat
22:20 Ziggurat
22:21 Ziggurat
27:33 Necropolis
28:29 Nerubian Tower
28:30 Nerubian Tower
» items
| Scroll of Town Portal | 2 | |
| Potion of Healing | 2 | |
| Healing Salve | 1 | |
| Lesser Clarity Potion | 1 | |
6 total

»
KingNewb (
orange | 70 APM | 2276 actions | 32:41)
4 Blademaster
2 Wind Walk
2 Critical Strike
» actions
| Assign group hotkey | 479 | |
| Basic commands | 21 | |
| Build / train | 111 | |
| Enter build submenu | 17 | |
| Enter hero's abilities submenu | 5 | |
| Give item / drop item | 5 | |
| Remove unit from queue | 11 | |
| Right click | 792 | |
| Select / deselect | 366 | |
| Select group hotkey | 236 | |
| Use ability | 233 | |
2276 total
» units
» upgrades
| Pillage | 1 | |
| Melee Weapons | 3 | |
| Armor | 4 | |
| Ensnare | 1 | |
| Reinforced Defenses | 1 | |
10 total
» buildings
| Altar of Storms | 1 | |
| Orc Burrow | 4 | |
| Voodoo Lounge | 1 | |
| War Mill | 1 | |
| Stronghold | 4 | |
| Watch Tower | 2 | |
| Beastiary | 2 | |
| Fortress | 2 | |
| Great Hall | 2 | |
19 total
» build order
00:07 Altar of Storms
00:17 Orc Burrow
00:53 Voodoo Lounge
01:48 War Mill
02:02 Orc Burrow
02:44 Stronghold
03:39 Watch Tower
03:42 Watch Tower
05:20 Beastiary
05:22 Beastiary
05:52 Orc Burrow
09:37 Orc Burrow
13:22 Fortress
21:49 Great Hall
28:09 Great Hall
» items
| Healing Salve | 1 | |
| Lesser Clarity Potion | 4 | |
| Scroll of Speed | 3 | |
| Claws of Attack +6 | 3 | |
| Circlet of Nobility | 3 | |
| Boots of Speed | 1 | |
| Staff of Teleportation | 1 | |
| Scroll of Healing | 1 | |
| Scroll of Town Portal | 1 | |
18 total
GOT-6PM-TONIGHT (
yellow | 58 APM | 2250 actions | 38:51)
5 Blademaster
3 Wind Walk
2 Critical Strike
4 Shadow Hunter
2 Hex
2 Healing Wave
» actions
| Assign group hotkey | 25 | |
| Basic commands | 97 | |
| Build / train | 83 | |
| Enter build submenu | 17 | |
| Enter hero's abilities submenu | 9 | |
| Give item / drop item | 7 | |
| Remove unit from queue | 1 | |
| Right click | 947 | |
| Select / deselect | 241 | |
| Select group hotkey | 698 | |
| Use ability | 124 | |
2250 total
» units
| Peon | 14 | |
| Goblin Shredder | 2 | |
| Wind Rider | 5 | |
| Goblin Sapper | 26 | |
| Raider | 2 | |
49 total
» upgrades
| Reinforced Defenses | 1 | |
| Ranged Weapons | 2 | |
| Armor | 2 | |
| Envenomed Spears | 1 | |
6 total
» buildings
| Altar of Storms | 1 | |
| Orc Burrow | 6 | |
| Voodoo Lounge | 1 | |
| Stronghold | 1 | |
| War Mill | 1 | |
| Great Hall | 1 | |
| Fortress | 1 | |
| Watch Tower | 9 | |
| Beastiary | 3 | |
24 total
» build order
00:06 Altar of Storms
00:22 Orc Burrow
01:05 Voodoo Lounge
02:08 Stronghold
02:25 Orc Burrow
02:55 War Mill
03:26 Great Hall
03:42 Orc Burrow
05:35 Fortress
05:50 Watch Tower
05:50 Watch Tower
05:51 Watch Tower
06:24 Watch Tower
06:40 Watch Tower
06:51 Beastiary
07:20 Beastiary
09:03 Watch Tower
09:04 Watch Tower
09:04 Watch Tower
09:05 Watch Tower
10:17 Orc Burrow
10:18 Orc Burrow
11:36 Beastiary
14:18 Orc Burrow
» items
| Healing Salve | 4 | |
| Lesser Clarity Potion | 1 | |
| Staff of Teleportation | 2 | |
| Potion of Healing | 1 | |
| Potion of Mana | 1 | |
| Tiny Great Hall | 1 | |
10 total
DonaldTrump4win (
purple | 28 APM | 1092 actions | 38:50)
4 Blademaster
2 Wind Walk
2 Critical Strike
» actions
| Assign group hotkey | 41 | |
| Basic commands | 2 | |
| Build / train | 42 | |
| Enter build submenu | 14 | |
| Enter hero's abilities submenu | 4 | |
| Remove unit from queue | 1 | |
| Right click | 682 | |
| Select / deselect | 237 | |
| Select group hotkey | 17 | |
| Use ability | 52 | |
1092 total
» units
» upgrades
» buildings
| Altar of Storms | 1 | |
| Orc Burrow | 6 | |
| Voodoo Lounge | 1 | |
| War Mill | 1 | |
| Stronghold | 1 | |
| Watch Tower | 2 | |
| Beastiary | 2 | |
| Fortress | 1 | |
15 total
» build order
00:55 Altar of Storms
01:02 Orc Burrow
01:49 Voodoo Lounge
02:01 War Mill
02:45 Orc Burrow
03:38 Stronghold
04:03 Watch Tower
05:20 Watch Tower
06:19 Beastiary
06:22 Beastiary
06:29 Orc Burrow
08:38 Orc Burrow
09:03 Orc Burrow
09:36 Orc Burrow
13:12 Fortress
» items
| Healing Salve | 3 | |
| Lesser Clarity Potion | 3 | |
| Boots of Speed | 4 | |
10 total
team 2 (loser)
lM_Ml (
teal | 125 APM | 1424 actions | 11:23)
3 Demon Hunter
2 Mana Burn
1 Evasion
1 Naga Sea Witch
1 Frost Arrows
» actions
| Assign group hotkey | 17 | |
| Basic commands | 198 | |
| Build / train | 78 | |
| ESC pressed | 3 | |
| Enter build submenu | 26 | |
| Enter hero's abilities submenu | 4 | |
| Give item / drop item | 3 | |
| Right click | 557 | |
| Select / deselect | 375 | |
| Select group hotkey | 88 | |
| Use ability | 75 | |
1424 total
» units
| Wisp | 40 | |
| Archer | 5 | |
| Druid of the Talon | 9 | |
54 total
» upgrades
| Ultravision | 1 | |
| Improved Bows | 1 | |
| Druid of the Talon Training | 1 | |
3 total
» buildings
| Altar of Elders | 1 | |
| Moon Well | 6 | |
| Ancient of War | 4 | |
| Tree of Ages | 3 | |
| Hunter's Hall | 1 | |
| Ancient of Wonders | 2 | |
| Tree of Life | 1 | |
| Ancient of Wind | 1 | |
| Ancient Protector | 4 | |
| Tree of Eternity | 3 | |
26 total
» build order
00:10 Altar of Elders
00:19 Moon Well
00:38 Ancient of War
01:31 Moon Well
01:57 Moon Well
03:01 Moon Well
03:03 Moon Well
03:37 Tree of Ages
03:37 Tree of Ages
03:50 Moon Well
04:21 Hunter's Hall
04:25 Ancient of Wonders
04:31 Ancient of Wonders
05:19 Tree of Life
06:03 Ancient of Wind
07:38 Ancient Protector
07:51 Ancient Protector
08:36 Ancient Protector
08:55 Ancient Protector
10:02 Ancient of War
10:04 Ancient of War
10:15 Ancient of War
10:31 Tree of Eternity
10:31 Tree of Eternity
» items
| Staff of Preservation | 1 | |
| Dust of Appearance | 1 | |
2 total

»
cantstump(trump (
red | 47 APM | 534 actions | 11:20)
3 Death Knight
2 Death Coil
1 Unholy Aura
» actions
| Build / train | 28 | |
| Enter build submenu | 15 | |
| Enter hero's abilities submenu | 3 | |
| Give item / drop item | 1 | |
| Right click | 363 | |
| Select / deselect | 82 | |
| Use ability | 42 | |
534 total
» units
| Acolyte | 2 | |
| Ghoul | 4 | |
| Crypt Fiend | 6 | |
| Obsidian Statue | 2 | |
14 total
» upgrades
| Creature Attack | 1 | |
| Creature Carapace | 1 | |
2 total
» buildings
| Crypt | 1 | |
| Graveyard | 1 | |
| Ziggurat | 7 | |
| Tomb of Relics | 1 | |
| Altar of Darkness | 1 | |
| Halls of the Dead | 1 | |
| Nerubian Tower | 2 | |
| Slaughterhouse | 2 | |
| Sacrificial Pit | 1 | |
| Temple of the Damned | 1 | |
| Black Citadel | 1 | |
19 total
» build order
00:54 Crypt
00:57 Graveyard
01:01 Ziggurat
01:15 Tomb of Relics
01:50 Altar of Darkness
02:18 Ziggurat
03:27 Ziggurat
03:48 Ziggurat
05:39 Halls of the Dead
05:47 Nerubian Tower
05:50 Nerubian Tower
08:50 Slaughterhouse
08:52 Sacrificial Pit
08:55 Temple of the Damned
09:02 Slaughterhouse
09:04 Ziggurat
09:08 Ziggurat
09:12 Ziggurat
11:16 Black Citadel
» items
| Rod of Necromancy | 2 | |
| Dust of Appearance | 1 | |
| Circlet of Nobility | 1 | |
4 total
OrcishGreed (
pink | 65 APM | 2532 actions | 38:50)
10 Blademaster
3 Wind Walk
3 Critical Strike
1 Bladestorm
3 Mirror Image
» actions
| Assign group hotkey | 94 | |
| Basic commands | 32 | |
| Build / train | 77 | |
| Enter build submenu | 67 | |
| Enter hero's abilities submenu | 11 | |
| Give item / drop item | 6 | |
| Remove unit from queue | 1 | |
| Right click | 1204 | |
| Select / deselect | 436 | |
| Select group hotkey | 412 | |
| Use ability | 192 | |
2532 total
» units
| Peon | 8 | |
| Grunt | 4 | |
| Goblin Shredder | 1 | |
| Goblin Sapper | 2 | |
| Troll Batrider | 3 | |
| Raider | 2 | |
| Wind Rider | 3 | |
23 total
» upgrades
| Reinforced Defenses | 1 | |
| Troll Regeneration | 1 | |
| Ranged Weapons | 3 | |
| Armor | 3 | |
| Liquid Fire | 1 | |
| Pillage | 1 | |
| Ensnare | 1 | |
| Melee Weapons | 3 | |
| Envenomed Spears | 1 | |
15 total
» buildings
| Orc Burrow | 6 | |
| Altar of Storms | 1 | |
| Barracks | 1 | |
| Voodoo Lounge | 2 | |
| Stronghold | 1 | |
| Great Hall | 3 | |
| War Mill | 2 | |
| Watch Tower | 34 | |
| Fortress | 1 | |
| Beastiary | 4 | |
| Spirit Tower | 1 | |
| Moon Well | 16 | |
| Tree of Life | 1 | |
73 total
» build order
00:12 Orc Burrow
00:54 Altar of Storms
00:56 Barracks
01:09 Orc Burrow
01:36 Voodoo Lounge
02:55 Stronghold
03:43 Orc Burrow
04:27 Great Hall
04:44 War Mill
05:43 Orc Burrow
06:01 Watch Tower
06:01 Watch Tower
06:02 Watch Tower
07:08 Fortress
09:55 Watch Tower
09:55 Watch Tower
09:56 Watch Tower
09:57 Watch Tower
11:03 Watch Tower
11:03 Watch Tower
12:09 Beastiary
12:12 Beastiary
12:15 Beastiary
12:18 Beastiary
12:41 Spirit Tower
13:11 War Mill
13:14 Watch Tower
13:15 Watch Tower
13:17 Watch Tower
13:19 Watch Tower
13:31 Moon Well
13:31 Moon Well
13:32 Moon Well
13:32 Moon Well
13:33 Moon Well
13:34 Moon Well
13:34 Moon Well
13:44 Watch Tower
13:44 Watch Tower
13:45 Watch Tower
13:47 Watch Tower
13:47 Watch Tower
13:47 Watch Tower
13:48 Watch Tower
13:49 Watch Tower
13:51 Watch Tower
18:01 Moon Well
18:01 Moon Well
18:02 Moon Well
18:02 Moon Well
18:03 Moon Well
18:03 Moon Well
24:33 Great Hall
24:35 Watch Tower
27:47 Moon Well
27:48 Moon Well
27:52 Moon Well
28:45 Orc Burrow
28:48 Orc Burrow
30:57 Great Hall
31:07 Watch Tower
31:07 Watch Tower
31:08 Watch Tower
31:09 Watch Tower
31:10 Watch Tower
31:10 Watch Tower
31:11 Watch Tower
31:18 Voodoo Lounge
31:42 Tree of Life
» items
| Healing Salve | 4 | |
| Boots of Speed | 1 | |
| Staff of Teleportation | 1 | |
| Orb of Lightning | 1 | |
| Potion of Mana | 3 | |
| Scroll of Town Portal | 6 | |
| Potion of Healing | 3 | |
| Lesser Clarity Potion | 1 | |
| Periapt of Vitality | 4 | |
24 total
NegroDik12Inch (
green | 95 APM | 891 actions | 09:22)
2 Far Seer
1 Feral Spirit
1 Chain Lighting
» actions
| Assign group hotkey | 43 | |
| Basic commands | 6 | |
| Build / train | 40 | |
| Enter build submenu | 16 | |
| Enter hero's abilities submenu | 2 | |
| Remove unit from queue | 2 | |
| Right click | 373 | |
| Select / deselect | 180 | |
| Select group hotkey | 200 | |
| Use ability | 29 | |
891 total
» units
| Peon | 10 | |
| Troll Headhunter/Berserker | 11 | |
21 total
» upgrades
» buildings
| Altar of Storms | 1 | |
| Orc Burrow | 4 | |
| War Mill | 1 | |
| Barracks | 1 | |
| Watch Tower | 7 | |
| Stronghold | 2 | |
| Voodoo Lounge | 1 | |
17 total
» build order
00:20 Altar of Storms
00:27 Orc Burrow
00:44 War Mill
01:15 Barracks
01:59 Orc Burrow
02:49 Orc Burrow
04:00 Watch Tower
04:02 Watch Tower
04:27 Orc Burrow
05:07 Stronghold
05:31 Watch Tower
06:30 Voodoo Lounge
06:32 Watch Tower
07:08 Watch Tower
07:09 Watch Tower
08:23 Watch Tower
» items
| Dust of Appearance | 1 | |
| Potion of Healing | 1 | |
| Scroll of Town Portal | 1 | |
| Healing Salve | 1 | |
| Lesser Clarity Potion | 1 | |
5 total
Chat log
(00:10 / All) NegroDik12Inch: so much about trump here
(00:11 / All) GOT-6PM-TONIGHT: trump #1
(00:16 / All) GOT-6PM-TONIGHT: a ton of trump account sin 4v4 lately lawl
(00:26 / Allies) kylor: we are down one
(00:32 / All) cantstump(trump: im lvl 20
(00:36 / All) NegroDik12Inch: OKay guys ,so...we all know trump is a millionaire
(00:47 / All) cantstump(trump: my real lvl is over 9000
(00:53 / All) NegroDik12Inch: What if he offered you one million dollars for 6 BJ's
(00:55 / All) NegroDik12Inch: would you do it>
(01:01 / All) OrcishGreed: no
(01:06 / All) NegroDik12Inch: and he gets to cum in your mouth
(01:17 / All) OrcishGreed: money doesn't buy dignity
(01:18 / All) GOT-6PM-TONIGHT: isnt that implied?
(01:19 / All) cantstump(trump: simple fact im not gay
(01:29 / All) cantstump(trump: i wouldnt be that disgraced for life for moneyt
(01:33 / All) NegroDik12Inch: You dont have to be gay to put a veiny cock in your mouth
(01:47 / All) NegroDik12Inch: why wouldnt yall do it
(01:48 / All) GOT-6PM-TONIGHT: i agree with green actually
(01:52 / All) NegroDik12Inch: its so much money
(02:05 / All) cantstump(trump: nah man
(02:07 / All) OrcishGreed: so you're saying you'd be a prostitute
(02:08 / All) cantstump(trump: fuck that
(02:12 / All) NegroDik12Inch: most people gotta work like 15 years for that much
(02:13 / All) cantstump(trump: you would be scarred for life
(02:21 / All) NegroDik12Inch: youd make it in a total of 40 minutes cock time
(02:29 / All) OrcishGreed: you a prostitute
(02:30 / All) NegroDik12Inch: 40 minutes, for 15 years of bliss
(02:48 / All) cantstump(trump: 40 minutes of sucking and getting cummed on
(02:54 / All) cantstump(trump: fuck that
(02:59 / All) NegroDik12Inch: no man, the cumming lasts like 9 seconds each time
(03:08 / All) cantstump(trump: either way
(03:10 / All) cantstump(trump: no thanks
(03:37 / All) OrcishGreed: zzz
(03:38 / All) GOT-6PM-TONIGHT: plug
(03:56 / All) NegroDik12Inch: lol
(04:14 / All) cantstump(trump: you sound like a butt plug
(05:11 / All) NegroDik12Inch: I smelll some hackery going on
(05:15 / All) cantstump(trump: LOL
(05:19 / All) cantstump(trump: XD
(05:33 / All) cantstump(trump: cant stumpo the trump
(05:57 / All) OrcishGreed: turn off porn dl
(06:04 / All) cantstump(trump: LOL
(06:08 / All) cantstump(trump: nah man
(06:12 / Allies) KingNewb: lol that was new :D
(06:19 / Allies) KingNewb: tp plz
(06:22 / All) NegroDik12Inch: purp youre so bad
(06:27 / Allies) kylor: im omw... we are fine
(06:42 / Allies) kylor: still ok dont tp
(06:54 / Allies) KingNewb: tp
(06:54 / Allies) KingNewb: plz
(07:39 / Allies) kylor: yellow able to help him?
(07:45 / Allies) KingNewb: nah
(07:59 / Allies) KingNewb: go blue
(09:19 / All) NegroDik12Inch: purp, enjoy your game you hacking fuck
(09:23 / All) KingNewb: lol
(09:26 / All) KingNewb: gg
(10:08 / Allies) KingNewb: wood plz
(10:10 / Allies) GOT-6PM-TONIGHT: sapper his expo
(11:05 / All) KingNewb: Gg
(11:26 / All) OrcishGreed: wtf lol
(11:29 / All) KingNewb: Lol
(11:30 / All) KingNewb: Noob
(11:32 / All) KingNewb: XD
(11:34 / All) OrcishGreed: u r
(11:48 / All) KingNewb: Out trash
(11:58 / All) OrcishGreed: lol
(12:00 / All) OrcishGreed: I rape you faggot
(12:00 / All) KingNewb: time to lose
(12:02 / All) KingNewb: haha
(12:11 / All) KingNewb: i anal rape ur mom XD
(12:24 / All) KingNewb: umad?
(12:24 / All) OrcishGreed: XD
(12:30 / All) KingNewb: XD
(12:41 / All) KingNewb: ahahah
(12:46 / All) KingNewb: fucking freewin
(13:11 / All) KingNewb: ez game ez life
(14:20 / All) KingNewb: nooblet lol
(14:42 / All) KingNewb: u rly u think u can win vs me hahaha :D
(14:48 / All) OrcishGreed: yes
(14:49 / All) OrcishGreed: ez
(15:14 / All) OrcishGreed: you're so good lol
(15:32 / Allies) KingNewb: ez win
(15:35 / All) KingNewb: hahah
(15:36 / All) OrcishGreed: come on boi
(15:40 / All) KingNewb: U got nothing noob
(15:40 / All) KingNewb: XD
(15:41 / All) KingNewb: HAHAHA
(15:42 / All) KingNewb: EZ
(16:03 / All) KingNewb: ahah
(16:04 / All) KingNewb: tp noob
(16:06 / All) KingNewb: ahahahahah
(16:07 / All) KingNewb: XD
(16:08 / All) GOT-6PM-TONIGHT: purple is tking
(16:09 / All) GOT-6PM-TONIGHT: so w/e
(16:11 / All) KingNewb: RUN NOOB
(16:12 / All) KingNewb: HAAHAH
(16:22 / All) KingNewb: ahahahahah
(16:24 / All) KingNewb: ez win
(16:25 / All) KingNewb: afk
(16:27 / All) KingNewb: freewin
(16:32 / All) KingNewb: fucking bot hahah
(16:58 / All) OrcishGreed: loll
(16:59 / Allies) kylor: net him
(16:59 / All) GOT-6PM-TONIGHT: lawl
(17:00 / All) KingNewb: Freewin :3
(17:01 / All) GOT-6PM-TONIGHT: ez win
(17:04 / All) OrcishGreed: think so?
(17:09 / Allies) kylor: net
(17:19 / All) KingNewb: Ez game ez life
(17:36 / All) OrcishGreed: lol
(17:42 / All) KingNewb: still no win :)
(17:46 / All) KingNewb: ^try harder noob
(17:47 / All) KingNewb: hahahah
(17:48 / All) KingNewb: XD
(18:01 / All) KingNewb: u got no chance here kid
(18:06 / All) GOT-6PM-TONIGHT: yeap no chance
(18:06 / All) KingNewb: go play mario or something XD
(18:07 / All) GOT-6PM-TONIGHT: u suck ass pink
(18:11 / All) KingNewb: fucking freewin
(18:12 / All) KingNewb: XD
(19:08 / All) KingNewb: Rofl
(19:12 / All) KingNewb: rp
(19:16 / Allies) KingNewb: ¨end this
(20:26 / All) OrcishGreed: ez
(20:40 / All) KingNewb: still no win :)
(20:42 / All) OrcishGreed: nice hall lol
(20:42 / All) GOT-6PM-TONIGHT: shouldnt have fucked with da best purple
(20:44 / All) OrcishGreed: yep I win
(20:45 / All) KingNewb: try harder kid
(20:57 / All) OrcishGreed: don't need to :)
(21:04 / All) OrcishGreed: look at yellow lol
(21:12 / All) KingNewb: u freewin
(21:13 / All) GOT-6PM-TONIGHT: i rape u pink
(21:20 / All) KingNewb: pink is freewin
(21:24 / All) OrcishGreed: lol
(21:25 / All) KingNewb: fucking gay lol
(21:25 / All) KingNewb: XD
(21:46 / All) OrcishGreed: lol
(21:48 / All) OrcishGreed: you mh
(21:50 / All) OrcishGreed: and you still suck
(21:55 / All) KingNewb: umad bruh?
(22:00 / All) OrcishGreed: lol why would I be
(22:03 / All) OrcishGreed: I raped you ez
(22:14 / All) KingNewb: tp more plz
(22:14 / All) KingNewb: hahah
(22:17 / All) KingNewb: anal raped
(22:21 / All) OrcishGreed: I should lose level 7 hero like you?
(22:27 / All) KingNewb: cRY MORE
(22:28 / All) KingNewb: XD
(22:39 / All) OrcishGreed: oh it's crymore LOL
(22:39 / All) KingNewb: noob
(22:44 / All) KingNewb: :D
(22:47 / All) KingNewb: noob
(22:49 / All) KingNewb: Hahah
(22:53 / All) OrcishGreed: Yes u r
(23:29 / All) OrcishGreed: lol nice hx boi
(23:36 / All) KingNewb: Cry more lol
(23:51 / All) OrcishGreed: and smart too
(24:05 / All) KingNewb: Raped
(24:19 / All) KingNewb: Hahahahahaahaha raped
(24:23 / All) KingNewb: anal rape noob
(24:29 / All) OrcishGreed: look at my gold with your mh
(24:42 / All) KingNewb: Look at me anal rapeing ur mom
(24:43 / All) KingNewb: XD
(24:49 / All) OrcishGreed: how can that be
(24:53 / All) OrcishGreed: u still a virgin
(24:59 / Allies) kylor: leave it
(25:00 / All) KingNewb: XD
(25:10 / All) KingNewb: more mad plz
(25:11 / All) OrcishGreed: lol
(25:38 / All) KingNewb: freewin
(25:47 / All) KingNewb: Now afk
(25:50 / All) KingNewb: smoke joint
(25:52 / All) KingNewb: and drink beer
(25:53 / All) OrcishGreed: lol
(25:54 / All) KingNewb: hf kid
(25:58 / All) OrcishGreed: come back to lose screen
(25:59 / All) OrcishGreed: mad?|
(26:45 / Allies) KingNewb: 100 gold for main plz
(27:02 / Allies) kylor: why are you killing him?
(27:08 / Allies) KingNewb: 100g plz
(27:49 / Allies) kylor: gold first
(28:06 / Allies) KingNewb: ty
(29:45 / All) OrcishGreed: mad?
(30:00 / Allies) kylor: why
(30:02 / Allies) kylor: why?
(30:13 / Allies) kylor: fuck you
(30:16 / All) GOT-6PM-TONIGHT: lol
(30:17 / Allies) KingNewb: wtf
(30:29 / All) GOT-6PM-TONIGHT: this team is 100% retarded lawl
(30:30 / All) kylor: love it how you cant win alone...
(30:36 / All) OrcishGreed: lol
(30:43 / All) OrcishGreed: my team were leavers, mad?
(30:51 / All) GOT-6PM-TONIGHT: i think they just figured now, at least one of them
(30:53 / All) kylor: so you get a TK?
(30:59 / All) OrcishGreed: mad?
(31:04 / All) OrcishGreed: mad crylor?
(31:13 / All) GOT-6PM-TONIGHT: all u guys can do is tip your hats to pink
(31:15 / All) GOT-6PM-TONIGHT: he earned it
(31:24 / All) kylor: sure good plan... talk shit to the person who didnt say a thing
(31:32 / All) OrcishGreed: crylord lol
(31:49 / All) kylor: i hope you buy another win... seems like that is the only way
(31:51 / All) GOT-6PM-TONIGHT: i only did it 20 times
(31:53 / All) OrcishGreed: crymore foiled again
(31:54 / All) OrcishGreed: mad?
(31:56 / Allies) kylor: yes
(32:53 / All) OrcishGreed: crymore not available lol
(33:18 / Allies) kylor: all good... honestly i just feel sorry for you
(33:29 / All) GOT-6PM-TONIGHT: thanks for the compliment blue
(33:32 / All) GOT-6PM-TONIGHT: appreciate it
(33:36 / All) GOT-6PM-TONIGHT: yes we are bed buddies
(33:38 / All) GOT-6PM-TONIGHT: i am the female
(34:04 / All) kylor: never mentioned anything of the kind... but what ever justifies the TK
(34:07 / All) OrcishGreed: NATURE BOY, WOOOOOOOOOOOOOO
(34:38 / All) GOT-6PM-TONIGHT: guarantee u purple never left
(35:32 / All) GOT-6PM-TONIGHT: i honestly didnt have to do shit this game, have 20k gold not even trying
(35:41 / All) OrcishGreed: crymore has a lot of accounts
(35:42 / All) OrcishGreed: and mhs
(35:44 / All) GOT-6PM-TONIGHT: they died to reds towers and ur bm
(37:43 / All) GOT-6PM-TONIGHT: tricked u, let u straight to my building!
(37:49 / All) OrcishGreed: lawl
(38:06 / All) GOT-6PM-TONIGHT: we def have a history with kylor
(38:13 / All) OrcishGreed: *crylord
(38:35 / All) OrcishGreed: purple talkin?
(38:37 / All) GOT-6PM-TONIGHT: farewell purple
(38:38 / All) GOT-6PM-TONIGHT: no
(38:40 / All) GOT-6PM-TONIGHT: hes "afk"
(38:49 / All) OrcishGreed: CRYMORECRYMOE